AoeStats
← albertogilborque1

Hideout

509905756Analyzed
1v1 RM · 3d ago on Sep 28, 2026· 51m 6s· 2 players
Game mode
Random Map
Map size
Tiny (2 player)
Population
200
Speed
Normal
Resources
Standard
Victory
Conquest
Starting age
Dark Age
Ending age
Imperial Age
RankedLock teamsTeams togetherTeam positionsShared explorationLock speedFull tech treeHidden civsTurbo modeCheats
Victory
Defeat
🇨🇴 Ethiopians · Colombia
985
+16
🇪🇸 Mongols · Spain
980
-16
albertogilborque1
9:16 Feudal Age
10:20 Double-Bit Axe
15:23 Castle Age
14:39 Loom
15:54 Fletching
20:41 Gold Mining
27:27 Padded Archer Armor
29:15 Double-Bit Axe
31:46 Town Watch
31:46 Horse Collar
35:32 Ballistics
38:34 Imperial Age
38:09 Scale Barding Armor
38:17 Forging
38:13 Husbandry
38:39 Bloodlines
46:32 Conscription
47:29 Gold Shaft Mining
49:20 Chain Barding Armor
50:08 Wheelbarrow
50:32 Murder Holes
ElLorenzuwu
6:25 Loom
9:36 Feudal Age
10:06 Double-Bit Axe
12:30 Horse Collar
13:06 Fletching
13:18 Padded Archer Armor
18:37 Castle Age
17:43 Padded Archer Armor
19:32 Stone Mining
20:03 Bodkin Arrow
20:23 Bow Saw
21:59 Wheelbarrow
21:24 Town Watch
22:24 Elite Skirmisher
25:13 Leather Archer Armor
28:29 Ballistics
29:00 Scale Mail Armor
29:41 Forging
32:10 Chain Mail Armor
33:52 Fervor
38:46 Imperial Age
36:46 Thumb Ring
37:45 Heavy Plow
38:10 Masonry
38:51 Iron Casting
38:16 Gold Mining
39:35 Bracer
40:35 Conscription
40:55 Hand Cart
41:34 Ring Archer Armor
42:47 Royal Heirs
45:13 Blast Furnace
44:43 Plate Mail Armor
45:05 Elite Shotel Warrior
48:08 Chemistry
51:12 Siege Engineers
51:39 Architecture
Connection lost

Rejoining the realm…

Still unreachable

The connection could not be restored.

Session expired

The server has moved on; the page needs a fresh start.